 Dungeon Crawl Stone Soup version 0.20.1-1-g8b1a95d (webtiles) character file.

77 slep the Skirmisher (level 4, -2/37 HPs)
             Began as a Formicid Abyssal Knight on Oct 31, 2017.
             Was a Follower of Lugonu.
             Slain by a gnoll
             ... wielding a +0 spear
              (11 damage)
             ... on level 2 of the Dungeon.
             The game lasted 00:06:48 (1351 turns).

slep the Skirmisher (Formicid Abyssal Knight)       Turns: 1351, Time: 00:06:49

Health: -2/37      AC:  4    Str: 17    XL:     4   Next: 58%
Magic:  5/5        EV: 11    Int: 11    God:    Lugonu [*.....]
Gold:   49         SH:  0    Dex: 11    Spells: 3/3 levels left

rFire    . . .     SeeInvis +   a - +1 falchion
rCold    . . .     Gourm    .   (no shield)
rNeg     . . .     Faith    .   b - +0 leather armour
rPois    .         Spirit   .   (helmet unavailable)
rElec    .         Reflect  .   (no cloak)
rCorr    .         Harm     .   (no gloves)
MR       .....                  p - +0 pair of boots
Stlth    +.........             (no amulet)
Regen    0.2/turn               i - ring of flight
MPRegen  0.1/turn               (no ring)

@: no status effects
A: permanent stasis, dig shafts and tunnels, four strong arms, antennae 3
a: Dig, Shaft Self, Depart the Abyss, Renounce Religion, Evoke Flight


You were on level 2 of the Dungeon.
You worshipped Lugonu.
Lugonu was aware of your devotion.
You were hungry.

You visited 1 branch of the dungeon, and saw 2 of its levels.
You visited the Abyss 1 time.

You collected 49 gold pieces.

Inventory:

Hand Weapons
 a - a +1 falchion (weapon)
 m - a +1 dagger of freezing
Armour
 b - a +0 leather armour (worn)
 p - a +0 pair of boots (worn)
Jewellery
 i - a ring of flight (left hand)
Scrolls
 d - a scroll of recharging {unknown}
 f - a scroll of noise {unknown}
 h - a scroll of teleportation {unknown}
 l - a scroll of amnesia {unknown}
 q - a scroll of identify {unknown}
 r - a scroll of remove curse {unknown}
Potions
 e - a potion of curing {unknown}
 g - 2 potions of degeneration {unknown}
 j - a potion of might {unknown}
 k - 2 potions of mutation {unknown}
 n - a potion of resistance {unknown}
 s - a potion of agility {unknown}
Comestibles
 c - a bread ration


   Skills:
 + Level 4.1 Fighting
 + Level 3.1 Long Blades
 + Level 2.7 Armour
 + Level 1.1 Dodging
 + Level 1.0 Stealth
 + Level 2.1 Invocations


You had 3 spell levels left.
You didn't know any spells.

Dungeon Overview and Level Annotations

Branches:
Dungeon (2/15)

Altars:


Innate Abilities, Weirdness & Mutations

You cannot be hasted, slowed, berserked, paralysed or teleported.
You can dig through walls and to a lower floor.
Your four strong arms can wield two-handed weapons with a shield.
You have a pair of large antennae on your head. (SInv)


Message History

The gnoll shouts!
You hit the gnoll.
You kill the gnoll!
Lugonu accepts your kill.
The gnoll hits you from afar with a spear.
The gnoll hits you but does no damage. x2
You closely miss the gnoll. The gnoll misses you. The gnoll closely misses you.
You riposte.
You hit the gnoll.
The gnoll is lightly wounded.
The gnoll hits you but does no damage.
You closely miss the gnoll.
The gnoll is lightly wounded.
The gnoll hits you with a spear.
The gnoll hits you from afar with a spear!
* * * LOW HITPOINT WARNING * * *
You barely miss the gnoll.
The gnoll is lightly wounded.
The gnoll barely misses you.
The gnoll hits you from afar with a spear!
You die...

#.........##.##
#.#####....
##........##..# ###..
...... #........###.##
....# ##...
#.........##..##.### ###
>## #................# ..
#.# .....##...######.# #.#
##.......)..>##.)# #.###
##.....<###..#.# #.#..
#.......@gg#...######.#.#
...##.#.###..#......##...#
.# #.#.# ##...####g.....#
#.#.# ###..†..........
#.#.###...#......{{..#
#...##...............#
##..##....#...........
##....##.............
####.[..####............


You could see 2 gnolls.

Vanquished Creatures
  2 gnolls (D:2)
  2 adders (D:2)
  2 dart slugs (D:1)
  2 leopard geckos
  3 bats
  4 goblins (D:1)
  A hobgoblin (D:1)
  4 jackals (D:1)
  2 quokkas (D:2)
  A frilled lizard (D:2)
  6 kobolds
  4 rats
33 creatures vanquished.

Notes
Turn   | Place    | Note
-------+----------+-------------------------------------------
     0 | Abyss:1  | slep the Formicid Abyssal Knight began the quest for the Orb.
     0 | Abyss:1  | Reached XP level 1. HP: 18/18 MP: 2/2
   116 | Abyss:1  | Noticed a great orb of eyes
   139 | D:1      | Escaped the Abyss
   155 | D:1      | Reached XP level 2. HP: 17/25 MP: 1/3
   234 | D:1      | Reached * piety under Lugonu
   444 | D:1      | Reached skill level 4 in Fighting
   444 | D:1      | Reached XP level 3. HP: 27/30 MP: 4/4
  1060 | D:2      | Reached skill level 1 in Dodging
  1197 | D:2      | Reached XP level 4. HP: 16/37 MP: 5/5
  1342 | D:2      | Reached skill level 1 in Stealth
  1351 | D:2      | Slain by a gnoll

Skill      XL: |  1  2  3  4 |
---------------+-------------+-----
Fighting       | 4 |  4.1
Dodging        | 1 |  1.1
Long Blades    | 3 |  3.1
Stealth        | 1 |  1.0
Armour         | |  2.7
Invocations    | |  2.1

Action                   |  1- 3 |  4- 6 || total
-------------------------+-------+-------++-------
Melee: Falchion          |    97 |    10 ||   107
Invok: Depart the Abyss  |     1 |       ||     1
  Eat: Chunk             |     1 |       ||     1
Armor: Leather armour    |    29 |     3 ||    32
Dodge: Dodged            |    70 |     6 ||    76
       Rpst.: Falchion   |    14 |     2 ||    16
